[Event "*** Titled Tuesday 3|2 Blitz"]
[Site "Chess.com"]
[Date "2014.12.30"]
[Round "1"]
[White "IMRosen"]
[Black "David_Klein"]
[Result "0-1"]
[WhiteElo "2018"]
[BlackElo "2352"]
[TimeControl "180+2"]
[EndTime "11:09:11 PST"]
[Termination "David_Klein won by resignation"]

1. c4 g6 2. Nc3 Bg7 3. d4 d6 4. e4 a6 5. h3 c6 6. Bg5 b5 7. a3 Bb7 8. Nf3 Nd7 9. cxb5 axb5 10.
Bd3 Qb6 11. Be3 Ngf6 12. O-O Qc7 13. Rc1 Qb8 14. Re1 e5 15. Bc2 O-O 16. dxe5 Nxe5 17. Nxe5 dxe5 18. Qe2 b4 19. axb4 Ba6 20. Qf3 Qxb4 21.
Rb1 Nd7 22. Red1 Nb6 23. Bxb6 Qxb6 24. Na4 Qb4 25. Qc3 Qxc3 26. bxc3 Rfb8 27. Nc5 Bc4 28. Nd7 Rxb1 29. Rxb1 Rd8 30. Nb6 Be6 31. Rd1 Rb8 32. Na4 Bf8 33. Kf1 Kg7 34. Ke1 h5 35.
Rb1 Rxb1+ 36. Bxb1 f5 37. Nb2 Kf6 38. Nd1 Bc5 39.
f3 Bc8 40. Nf2 Ba6 41. Nd3 Be3 42. Ke2 Bb6 43. Ba2 Ba5 44. Kd2 fxe4 45. fxe4 Bc7 46. Bb3 Kg5 47. g3 h4 48. g4 Bxd3 49. Kxd3 Kf4 50.
Ba4 Kg3 51. Bxc6 Kxh3 52. g5 Kg2 53. Bd7 h3 54. Bg4 h2 55. Ke2 h1=Q 56. Bf3+ Kg1 57. Bxh1 Kxh1 58. Kf3 Kg1 59. c4 Kf1 60. c5 Ke1 61.
Ke3 Bd8 62. c6 Bxg5+ 63. Kd3 Bd8 64. Kc4 Kf2 65. Kd5 Bc7 66. Ke6 Ke3 67. Kd7 Ba5 68. Ke6 Kxe4 69. Kf6 Kf4 70. Kxg6 e4 71. Kf6 e3 72. Ke6 e2 73. Kd7 e1=Q 74. Kc8 Qe7 75. Kb8 Qc7+ 76. Ka8 Qxc6+ 77. Kb8 Qb5+ 78. Ka8 Be1 79. Ka7 Ke5 80. Ka8 Kd6 0-1

[Event "*** Titled Tuesday 3|2 Blitz"]
[Site "Chess.com"]
[Date "2014.12.30"]
[Round "1"]
[White "FlySooHigh"]
[Black "Zhani-Z"]
[Result "1-0"]
[WhiteElo "2363"]
[BlackElo "2030"]
[TimeControl "180+2"]
[EndTime "11:09:17 PST"]
[Termination "FlySooHigh won on time"]

1. e4 e5 2. Bc4 Nc6 3. Nf3 Bc5 4. c3 Nf6 5. d3 d6 6. Bb3 Bb6 7. O-O Ne7 8. Nbd2 c6 9. h3 Ng6 10. Re1 O-O 11. Nf1 h6 12. Ng3 Re8 13. Nh2 Be6 14.
Nf5 Qd7 15. Qf3 Bxf5 16. Qxf5 Qxf5 17. exf5 Ne7 18. g4 Ned5 19. Kg2 e4 20. dxe4 Nxe4 21. Bxd5 cxd5 22. Be3 Kf8 23. Rad1 Nf6 24. Bxb6 axb6 25.
a3 Re5 26. Nf3 Re4 27. Nd2 Re5 28. f4 Rxe1 29. Rxe1 Ra5 30. Re2 Ra4 31. Kf3 d4 32. c4 d5 33. cxd5 Nxd5 34. Re5 Nc7 35. Re4 Nb5 36. Ke2 Nd6 37. Re5 d3+ 38. Ke3 Nc4+ 39. Nxc4 Rxc4 40. Rb5 d2 41. Kxd2 Rxf4 42. Rxb6 Rf3 43.
Rxb7 Rxh3 44. a4 h5 45. gxh5 Rxh5 46. a5 Rxf5 47. b4 g5 48. a6 Rf2+ 49. Ke3 Ra2 50. a7 Kg7 51. b5 Kg6 52. Rb6+ Kf5 53. Ra6 1-0

[Event "*** Titled Tuesday 3|2 Blitz"]
[Site "Chess.com"]
[Date "2014.12.30"]
[Round "1"]
[White "KestutisLabeckas"]
[Black "AMatros"]
[Result "1-0"]
[WhiteElo "2343"]
[BlackElo "1997"]
[TimeControl "180+2"]
[EndTime "11:09:18 PST"]
[Termination "KestutisLabeckas won on time"]

1. d3 d5 2. Nf3 Bg4 3. g3 Bxf3 4.
exf3 e6 5. Bg2 c5 6. f4 Nc6 7.
O-O g6 8. c4 Nge7 9. Nc3 Bg7 10. cxd5 exd5 11. Re1 O-O 12. Bd2 Rc8 13. a3 b6 14. Rc1 Re8 15. Qa4 Qd7 16. b4 cxb4 17.
axb4 a5 18. bxa5 bxa5 19. Nb5 Nb4 20. Bxb4 axb4 21. Qxb4 Rxc1 22. Rxc1 Rb8 23. Rb1 Nc6 24. Qc5 Nd4 25. Na3 Rxb1+ 26. Nxb1 Qb7 27. Nc3 Qb2 28.
Qc8+ Bf8 29. Nxd5 Nc2 30. Bf1 Qb1 31. Ne3 Nxe3 32. fxe3 Qe1 33. Qe8 h5 34. Qe4 Kg7 35.
Qf3 Bc5 36. d4 Be7 37. Qf2 Qc1 38. Kg2 Qa1 39. Be2 Bf6 40. Bf3 h4 41. gxh4 Qc3 42.
h5 g5 43. Be4 gxf4 44. Qxf4 Qd2+ 45. Kh3 Be7 46. h6+ Kf8 47. Qb8+ 1-0

[Event "*** Titled Tuesday 3|2 Blitz"]
[Site "Chess.com"]
[Date "2014.12.30"]
[Round "1"]
[White "DARIO555"]
[Black "GeorgMeier"]
[Result "1/2-1/2"]
[WhiteElo "2209"]
[BlackElo "2630"]
[TimeControl "180+2"]
[EndTime "11:09:20 PST"]
[Termination "Game drawn by repetition"]

1. e4 c5 2. Nc3 d6 3. f4 Nc6 4. Nf3 g6 5. Bb5 Bg7 6. Bxc6+ bxc6 7. d3 Nf6 8. O-O O-O 9. Qe1 Bg4 10. Nd2 h6 11. f5 gxf5 12. h3 fxe4 13. hxg4 exd3 14.
Qh4 dxc2 15. Nf3 Nh7 16. Bxh6 e6 17. g5 Rb8 18. Bxg7 Kxg7 19. Qh6+ Kg8 20. b3 Qe7 21. Ne4 f5 22. gxf6 Nxf6 23. Nxf6+ Qxf6 24. Qh5 c4 25. Rac1 cxb3 26. axb3 Rxb3 27. Rxc2 c5 28. Rcf2 Qg7 29. Ng5 Rxf2 30. Rxf2 Rb1+ 31. Kh2 Qe5+ 32. g3 Rb7 33. Qe8+ Kg7 34. Nxe6+ Kh6 35. Qf8+ Kg6 36. Nf4+ Kh7 37. Nh3 Rb2 38. Qf7+ Kh6 39. Qf8+ Kh7 40. Qf7+ Kh6 41.
Qf8+ Kh7 42. Qf7+ Kh8 43. Qf8+ Kh7 44. Qf7+ Kh6 45. Qf8+ 1/2-1/2

[Event "*** Titled Tuesday 3|2 Blitz"]
[Site "Chess.com"]
[Date "2014.12.30"]
[Round "1"]
[White "Yaacovn"]
[Black "megarompa"]
[Result "1-0"]
[WhiteElo "2607"]
[BlackElo "2135"]
[TimeControl "180+2"]
[EndTime "11:09:29 PST"]
[Termination "Yaacovn won by resignation"]

1. d4 d5 2. Nf3 Nf6 3. c4 e6 4.
Nc3 Bb4 5. cxd5 exd5 6. Bg5 Qd6 7. Bxf6 Qxf6 8. Qb3 Nc6 9. e3 O-O 10. a3 Bxc3+ 11.
Qxc3 Re8 12. Be2 Qd6 13. Rc1 Bg4 14. O-O Bxf3 15. Bxf3 Re7 16. Qc5 Rd7 17. b4 Qe6 18.
b5 Ne7 19. h3 a6 20. a4 axb5 21. axb5 Rc8 22. Rc2 g6 23. Rfc1 Kg7 24. Qa7 c6 25.
Qb6 f5 26. g3 Qd6 27. h4 Ng8 28. Ra1 Nf6 29. Ra7 Qb4 30. Qc5 Qb1+ 31. Rc1 Qb2 32. Raa1 Ne4 33. Bxe4 fxe4 34. Rab1 Qe2 35. Rc2 Qf3 36.
Qa7 Qf5 37. bxc6 bxc6 38. Rb7 Rf7 39. Qa6 Qe6 40. Rb6 Rfc7 41. Qa3 Kf7 42. Qa4 h5 43. Rb1 Qf6 44. Rbc1 Qd6 45. Rc5 Ke7 46. R1c3 Kf7 47. Qc2 Kg7 48. Qc1 Kf7 49. Qa3 Qe6 50. Qa6 Kg7 51.
Qa5 Kf7 52. Qb4 Kg7 53. Qb1 Kf7 54. Qf1 Kg7 55. Rc2 Qf5 56. Qc1 Qf6 57. Rxd5 cxd5 58.
Rxc7+ Rxc7 59. Qxc7+ Qf7 60. Qxf7+ Kxf7 61. Kg2 Kf6 62.
f3 Kf5 63. Kf2 Kf6 64. fxe4 dxe4 65. g4 g5 66. hxg5+ Kxg5 67. gxh5 Kxh5 68. Kg3 Kg5 69. Kh3 Kh5 70. Kh2 Kh4 71. Kg2 Kg4 72. Kf2 Kh5 73.
Kf1 Kg5 74. Kg1 Kf5 75. Kf2 Kg5 76. Kg3 Kf5 77. Kh4 Ke6 78. Kg4 Kd5 79. Kf4 1-0

[Event "*** Titled Tuesday 3|2 Blitz"]
[Site "Chess.com"]
[Date "2014.12.30"]
[Round "1"]
[White "esr44"]
[Black "MisaPap"]
[Result "0-1"]
[WhiteElo "1987"]
[BlackElo "2361"]
[TimeControl "180+2"]
[EndTime "11:09:34 PST"]
[Termination "MisaPap won by resignation"]

1. d4 Nf6 2. Nf3 c5 3. e3 e6 4.
Bd3 b6 5. O-O Bb7 6. c4 Be7 7.
Nc3 a6 8. Nd2 O-O 9. Nde4 Nxe4 10. Bxe4 d5 11. cxd5 exd5 12. Bf3 c4 13. b3 Bb4 14.
Bd2 b5 15. bxc4 Bxc3 16. Bxc3 bxc4 17. Rb1 Bc6 18. Qc2 Re8 19. Rb2 Nd7 20. Rfb1 Qc7 21.
h3 a5 22. Qf5 Qd6 23. a4 g6 24.
Qg5 Kg7 25. h4 h6 26. Qg4 Nf6 27. Qh3 Bxa4 28. Rb6 Qd7 29. Rxf6 Kxf6 30. Qxd7 Bxd7 31. Bxd5 Rab8 32. Rc1 a4 33. Bxc4 Rec8 34. d5+ Ke7 35.
Be5 Rb4 36. d6+ Ke8 37. Bxf7+ Kxf7 38. Ra1 Ra8 39. h5 gxh5 40. g3 Ke6 41. Bc3 Rb3 42. Bd4 a3 43. Kg2 a2 44. Kf3 Rb1 45.
Kf4 Rxa1 46. Bxa1 Kxd6 47. e4 Ra4 48. f3 Be6 49. Ke3 Kc5 50. Kf4 Kd6 51. Be5+ Ke7 52. Ba1 Rb4 53. Ke5 Rb5+ 54. Kd4 Rb1 55. Bc3 a1=Q 56. Bxa1 Rxa1 57. Ke5 Ra5+ 58. Kf4 Kf6 59. g4 hxg4 60. fxg4 Rg5 0-1

[Event "*** Titled Tuesday 3|2 Blitz"]
[Site "Chess.com"]
[Date "2014.12.30"]
[Round "1"]
[White "Tilicheev_Viacheslav"]
[Black "NMLuo"]
[Result "1-0"]
[WhiteElo "2385"]
[BlackElo "2050"]
[TimeControl "180+2"]
[EndTime "11:09:38 PST"]
[Termination "Tilicheev_Viacheslav won by checkmate"]

1. e4 c5 2. Nf3 d6 3. d4 cxd4 4. Nxd4 Nf6 5. Nc3 a6 6. Bg5 Nbd7 7. f4 Qc7 8. Qf3 b5 9. O-O-O Bb7 10. Bd3 g6 11. Rhe1 Bg7 12. Nd5 Nxd5 13. exd5 Nf6 14. Nc6 Bxc6 15. dxc6 O-O 16. f5 Rac8 17. fxg6 fxg6 18.
Re6 Rf7 19. Rde1 Qxc6 20. Qxc6 Rxc6 21. Rxe7 Rc7 22. Rxc7 Rxc7 23. Re6 Kf7 24. Rxd6 Ra7 25. a4 Ne8 26. Rc6 bxa4 27. Bxa6 Nc7 28. Bc4+ Kf8 29.
Be3 Rb7 30. Bc5+ Ke8 31. c3 Bf8 32. Bxf8 Kxf8 33. Rc5 Ke7 34. Ra5 Rb6 35. Rxa4 Rf6 36. Be2 Rf2 37. Bf3 Kd6 38. Rd4+ Kc5 39. Rd2 Rf1+ 40.
Kc2 Nb5 41. b4+ Kb6 42. Be2 Na3+ 43. Kb2 Rf2 44. Kxa3 Rxg2 45. c4 Rxh2 46. c5+ Kc7 47. b5 Rh3+ 48. Kb4 Rh4+ 49. Ka5 Rh3 50. b6+ Kc6 51.
Bb5+ Kxc5 52. Rc2+ Kd5 53. b7 Ra3+ 54. Ba4 g5 55.
b8=Q g4 56. Qb5+ Ke4 57. Qb4+ Ke5 58. Qxa3 g3 59. Qe3+ Kf6 60. Rc5 g2 61. Qe5+ Kf7 62.
Bb3+ Kg6 63. Qg5# 1-0

[Event "*** Titled Tuesday 3|2 Blitz"]
[Site "Chess.com"]
[Date "2014.12.30"]
[Round "1"]
[White "oggy1984"]
[Black "LuckyTiger"]
[Result "0-1"]
[WhiteElo "2152"]
[BlackElo "2492"]
[TimeControl "180+2"]
[EndTime "11:09:45 PST"]
[Termination "LuckyTiger won by resignation"]

1. e4 e6 2. d4 d5 3. e5 c5 4. c3 Qb6 5. Nf3 Nc6 6. a3 c4 7. Be2 f6 8. O-O fxe5 9. dxe5 Bc5 10. Nbd2 Nh6 11. b4 Be7 12. Nxc4 dxc4 13. Bxh6 gxh6 14. Bxc4 Bd7 15. Qb3 O-O-O 16. a4 Rhf8 17. Rfe1 Kb8 18. Rad1 a5 19. b5 Na7 20. Nd4 Bc5 21. g3 h5 22. Kh1 Rxf2 23. Nxe6 Bxe6 24. Bxe6 Nc8 25. Qc4 Rdf8 26. Bh3 Be7 27. Rd7 h4 28. Qe4 hxg3 29. hxg3 Rd8 30. Red1 Rff8 31. e6 Nd6 32. Qe5 Ka7 33.
Bg2 Rf5 34. Qe2 Qc5 35. Rxd8 Rh5+ 36. Bh3 Bxd8 37. Kg2 Be7 38. Bg4 Re5 39. Qf2 Qxf2+ 40. Kxf2 Kb6 41. Re1 Rxe1 42. Kxe1 Kc5 43. Be2 b6 44.
Bd3 h6 45. Ke2 Kd5 46. Kf3 Kxe6 47. Kg4 Nb7 48. Bc4+ Ke5 49. Bb3 Nc5 50. Bc2 Kd5 51.
Kf5 Kc4 52. Kg6 Bg5 0-1

[Event "*** Titled Tuesday 3|2 Blitz"]
[Site "Chess.com"]
[Date "2014.12.30"]
[Round "1"]
[White "VSERGUEI"]
[Black "Bigc08"]
[Result "0-1"]
[WhiteElo "2178"]
[BlackElo "1973"]
[TimeControl "180+2"]
[EndTime "11:09:53 PST"]
[Termination "Bigc08 won by checkmate"]

1. d4 Nf6 2. c4 e6 3. Nc3 Bb4 4. f3 O-O 5. a3 Bxc3+ 6. bxc3 b6 7. e4 Ne8 8. Bd3 Nc6 9. Nh3 Na5 10. O-O Ba6 11. Qe2 c5 12. e5 d5 13. f4 h6 14.
f5 exf5 15. cxd5 Bxd3 16. Qxd3 Qxd5 17. Rxf5 cxd4 18. cxd4 Rd8 19. Bb2 Nc4 20. Bc3 Nc7 21. Nf4 Qc6 22. Rf1 Nd5 23. Nxd5 Qxd5 24. Bb4 Rfe8 25.
Kh1 Qxd4 26. Qxd4 Rxd4 27. Rxf7 Rd1 28. Rxd1 Kxf7 29. Rd7+ Kg6 30. Rxa7 Rxe5 31. h3 Kh7 32.
a4 Rd5 33. Bc3 Rg5 34. Rc7 Ne3 35. Bd2 Nd5 36. Rd7 Rf5 37. Rd6 Kg8 38. Kh2 Kf7 39.
Rd7+ Kf6 40. Bc1 g5 41. Bb2+ Ke6 42. Rh7 Rf2 43. Rxh6+ Kf5 44. Bd4 Rd2 45. Bxb6 Nf4 46. a5 Rxg2+ 47. Kh1 Ke4 48. a6 Kf3 49. a7 Ra2 50.
Rc6 Ra1+ 51. Bg1 Ne2 52. Rf6+ Kg3 53. Rf1 Rxf1 54. a8=Q Rxg1# 0-1

[Event "*** Titled Tuesday 3|2 Blitz"]
[Site "Chess.com"]
[Date "2014.12.30"]
[Round "1"]
[White "Vandros57"]
[Black "Quinten94"]
[Result "1/2-1/2"]
[WhiteElo "1843"]
[BlackElo "2197"]
[TimeControl "180+2"]
[EndTime "11:09:53 PST"]
[Termination "Game drawn by repetition"]

1. d4 d5 2. Nf3 Nf6 3. c4 c6 4.
e3 Bf5 5. Bd3 Bg6 6. O-O e6 7.
Nc3 Nbd7 8. a3 Bd6 9. Re1 Ne4 10. h3 f5 11. Qc2 Bh5 12. Be2 g5 13. Nxe4 fxe4 14.
Nh2 Bxe2 15. Qxe2 h5 16. g3 Nf6 17. Kg2 Qc7 18. Rh1 Ke7 19. Bd2 Kf7 20. Bb4 Kg6 21. Bxd6 Qxd6 22. Rac1 Rhf8 23. Rc2 Rf7 24. Rf1 Kg7 25. Rh1 Raf8 26. Rf1 Kg6 27. Rh1 Ng8 28. Rf1 Ne7 29. b4 Rf3 30. Qd1 R3f7 31. Qe1 Nf5 32. cxd5 exd5 33. Qe2 Nh6 34. Qe1 Rf3 35. Nxf3 exf3+ 36.
Kh2 Qe6 37. Rg1 Ng4+ 38. Kh1 Qe4 39. Rb2 a6 40. Qb1 Nf6 41. Qxe4+ Nxe4 42. Rf1 Kf5 43. Kh2 Ke6 44. Rc1 Kd6 45. Rcb1 Kc7 46. Kg1 Kb6 47.
a4 Nc3 48. Ra1 Ne2+ 49. Kf1 Nc3 50. Kg1 Ne2+ 51. Kf1 Nc3 52. Kg1 Ne2+ 53. Kf1 Nc3 54. Kg1 Ne2+ 1/2-1/2

[Event "*** Titled Tuesday 3|2 Blitz"]
[Site "Chess.com"]
[Date "2014.12.30"]
[Round "1"]
[White "hitaman"]
[Black "zmaj23"]
[Result "1/2-1/2"]
[WhiteElo "2405"]
[BlackElo "2118"]
[TimeControl "180+2"]
[EndTime "11:10:02 PST"]
[Termination "Game drawn - insufficient material"]

1. e4 c5 2. Nf3 d6 3. d4 cxd4 4. Nxd4 Nf6 5. f3 a6 6. c4 Nc6 7. Nc3 e6 8. Be3 Be7 9. Be2 O-O 10. O-O d5 11. exd5 exd5 12. Nxc6 bxc6 13. cxd5 Nxd5 14.
Nxd5 cxd5 15. Bd4 Be6 16. Re1 Qa5 17. a3 Rfc8 18. b4 Qd8 19. Qd2 Bf5 20. Rac1 Qd7 21. Qb2 Bg5 22. Rxc8+ Rxc8 23. Bxa6 Rc2 24. Qb3 h5 25.
Bd3 Bxd3 26. Qxd3 Rd2 27. Qc3 h4 28. Be3 Bxe3+ 29. Qxe3 Ra2 30. h3 d4 31. Qe8+ Qxe8 32.
Rxe8+ Kh7 33. Rd8 Rxa3 34. Rxd4 g5 35. f4 f6 36. fxg5 fxg5 37. b5 Rb3 38. Rd5 Kg6 39. Kf2 Kf6 40. Rd6+ Ke5 41. Rg6 Kf5 42. Rb6 Kf4 43. Rb8 Rb2+ 44. Kf1 Rb1+ 45. Ke2 Rb2+ 46. Kd3 Rxg2 47. Kc3 Rg3+ 48. Kc4 Rxh3 49. b6 Rh1 50. Rf8+ Kg3 51. b7 Rb1 52. b8=Q+ Rxb8 53. Rxb8 h3 54.
Kd3 h2 55. Rh8 Kg2 56. Ke3 g4 57. Kf4 g3 58. Kg4 Kf2 59. Rh7 Kg1 60. Kxg3 h1=Q 61.
Rxh1+ Kxh1 1/2-1/2

[Event "*** Titled Tuesday 3|2 Blitz"]
[Site "Chess.com"]
[Date "2014.12.30"]
[Round "1"]
[White "matein28"]
[Black "ecwinslow"]
[Result "1-0"]
[WhiteElo "2355"]
[BlackElo "2003"]
[TimeControl "180+2"]
[EndTime "11:10:10 PST"]
[Termination "matein28 won by resignation"]

1. d4 Nf6 2. Nf3 g6 3. g3 Bg7 4.
Bg2 O-O 5. O-O d6 6. c4 Nbd7 7. Nc3 e5 8. Re1 c6 9. e4 exd4 10. Nxd4 Qb6 11. Nb3 Ne5 12. Na4 Qb4 13. Nd2 Bg4 14.
f3 Be6 15. a3 Qa5 16. b4 Qc7 17. Nb2 Ne8 18. Qc2 f5 19. Rb1 Nf6 20. f4 Nf7 21. Nd3 fxe4 22. Nxe4 Rae8 23. h3 Nxe4 24. Rxe4 Bf5 25.
Rxe8 Rxe8 26. g4 Bxd3 27. Qxd3 Re1+ 28. Kh2 d5 29. Qg3 Re2 30. Qf3 Rxg2+ 31. Kxg2 dxc4 32. Be3 b5 33. Bc5 a5 34. Re1 Bf8 35. Re8 Nd6 36.
Re6 Nb7 37. Rxc6 Qd7 38. Bxf8 Kxf8 39. Rb6 Nd8 40. bxa5 Qd2+ 41. Qf2 Qxa5 42. Qc5+ Ke8 43. Qe5+ Kf8 44. Rb8 Qd2+ 45. Kg3 c3 46. Rc8 c2 47. Qc5+ Ke8 48. Qc6+ Ke7 49. Qxc2 Qe3+ 50. Kg2 Qxf4 51. Qc7+ Qxc7 52. Rxc7+ Kd6 53. Rxh7 Nc6 54. Rh6 Ne5 55. Rh8 Kd5 56. Rc8 Nc4 57. Ra8 Ke4 58. Kg3 g5 59. Re8+ Kd4 60. Rg8 Nxa3 61. Rxg5 b4 62. Ra5 Nc2 63. h4 b3 64. Rb5 Kc3 65. h5 Nd4 66. Rb8 Ne6 67. h6 Ng5 68. Kh4 Nh7 69. g5 1-0

[Event "*** Titled Tuesday 3|2 Blitz"]
[Site "Chess.com"]
[Date "2014.12.30"]
[Round "1"]
[White "MartinZumsande"]
[Black "lexiel"]
[Result "1/2-1/2"]
[WhiteElo "2212"]
[BlackElo "1862"]
[TimeControl "180+2"]
[EndTime "11:10:10 PST"]
[Termination "Game drawn by agreement"]

1. e4 c5 2. c3 Nf6 3. e5 Nd5 4.
d4 cxd4 5. Nf3 e6 6. cxd4 Nc6 7.
Bc4 d6 8. O-O dxe5 9. dxe5 Be7 10. Qe2 O-O 11. Qe4 b6 12. Bd3 g6 13. Bh6 Re8 14.
Nbd2 Bb7 15. Rad1 Qc7 16. Bb1 Rad8 17. Rfe1 Ndb4 18. Qg4 Nd3 19. Bxd3 Rxd3 20. Nc4 Rxd1 21. Rxd1 Rd8 22. Re1 Nd4 23. Ncd2 Nf5 24. Bg5 Bxf3 25. Nxf3 Rd5 26. h4 h5 27. Qf4 Bxg5 28. Qxg5 Qe7 29.
Qf4 Qd7 30. Kh2 Rd1 31. Rxd1 Qxd1 32. Qc4 Qd7 33. a4 Kg7 34. b3 Qd5 35. Qc7 Nh6 36. Qxa7 Ng4+ 37. Kg3 Qc5 38. a5 Qxf2+ 39. Kh3 bxa5 40.
Qxa5 Qe3 41. Qb5 Nh6 42. b4 Nf5 43. Qf1 Qf4 44. Qe1 Nd4 45. Nxd4 Qxd4 46. g3 Qc4 47. Kh2 g5 48. hxg5 Kg6 49. Qf2 Kg7 50. Qf6+ Kg8 51. g6 Qe2+ 52. Kg1 Qe1+ 53. Kg2 Qe2+ 54. Qf2 Qe4+ 55. Qf3 Qxg6 56. b5 Qc2+ 57. Kh3 Qb2 58. Qxh5 Qxb5 59. Qg5+ Kf8 60. Qd8+ Kg7 61. Qg5+ Kf8 62.
Qd8+ 1/2-1/2

[Event "*** Titled Tuesday 3|2 Blitz"]
[Site "Chess.com"]
[Date "2014.12.30"]
[Round "1"]
[White "pKiLz5Rn9b"]
[Black "ameet100"]
[Result "0-1"]
[WhiteElo "2151"]
[BlackElo "2392"]
[TimeControl "180+2"]
[EndTime "11:10:39 PST"]
[Termination "ameet100 won by resignation"]

1. e4 g6 2. d4 Bg7 3. Nf3 d6 4. h3 a6 5. a4 Nf6 6. Nc3 O-O 7. Be3 Nc6 8. Be2 e5 9. dxe5 dxe5 10. Bc4 Qe7 11.
O-O Rd8 12. Qb1 h6 13. Nd5 Nxd5 14. exd5 Na5 15. Ba2 b6 16. b4 Nb7 17. Re1 Qf6 18. Nh2 a5 19. c3 Bf5 20. Qb3 Qd6 21. Rad1 Kh7 22. Nf1 Bd7 23. b5 f5 24. Bb1 Qf6 25.
Nh2 Be8 26. f4 e4 27. Bd4 Qd6 28. Bxg7 Kxg7 29. g3 Bf7 30. c4 Qb4 31. Bc2 Qxb3 32. Bxb3 Nc5 33. Bc2 g5 34. Nf1 Bh5 35. Rd2 Kf6 36.
Ne3 gxf4 37. gxf4 Rg8+ 38. Kh2 Bf3 39. d6 cxd6 40. Rxd6+ Kf7 41. Rg1 Rad8 42. Nxf5 Rxg1 43. Kxg1 Rg8+ 44. Kf1 Rg2 45. Bd1 Rb2 46. Bxf3 exf3 47. Nxh6+ Ke8 48. Ng4 Ke7 49. Rd4 Nxa4 50. f5 Nc5 51.
f6+ Kf7 52. Rf4 Nd7 53. Rxf3 a4 54. h4 Rb3 55. Rf2 a3 56. h5 Rb2 57. Nh6+ Kf8 58.
Rf3 a2 59. Ra3 Rb1+ 60. Ke2 a1=Q 61. Rxa1 Rxa1 62. f7 Rh1 63. Kd3 Rxh5 64. Ng4 Kxf7 65. Ne3 Ke6 66. Kd4 Rh4+ 67. Kc3 Rh3 68. Kd3 Kd6 69. Kd4 Rxe3 70. Kxe3 Kc5 0-1

[Event "*** Titled Tuesday 3|2 Blitz"]
[Site "Chess.com"]
[Date "2014.12.30"]
[Round "1"]
[White "bsmail"]
[Black "Sebastian"]
[Result "0-1"]
[WhiteElo "2165"]
[BlackElo "2547"]
[TimeControl "180+2"]
[EndTime "11:11:37 PST"]
[Termination "Sebastian won by resignation"]

1. d4 d5 2. c4 dxc4 3. Nf3 Nf6 4.
e3 e6 5. Bxc4 a6 6. a4 c5 7. O-O Nc6 8. Nc3 Be7 9. dxc5 Qxd1 10.
Rxd1 Bxc5 11. b3 Ke7 12. Bb2 Bd7 13. Ne2 Rhd8 14. h3 Rac8 15. Rac1 Bb4 16. Ng3 Na5 17.
Ne5 Be8 18. Bd4 b5 19. axb5 axb5 20. Bf1 Nxb3 21. Rxc8 Rxc8 22. Rb1 Nxd4 23. Rxb4 Nc2 24. Rb2 Na3 25. Rb3 Nc4 26. Nxc4 bxc4 27. Rc3 Bb5 28. f4 Nd5 29. Ra3 Bd7 30. Ne2 c3 31. Kf2 c2 32. Nc1 Rc3 33. Rxc3 Nxc3 34. Bd3 Ba4 35. Ke1 f5 36. Kd2 Nb1+ 37. Ke1 Kd6 38. g4 g6 39. g5 e5 40. h4 e4 41. Bc4 Ke7 42. Bg8 Kf8 43.
Bd5 Nc3 44. Be6 Ke7 45. Bg8 Kf8 46. Be6 Nb1 47. Bd5 Bb5 48. Bb3 Bd3 49. Be6 Nc3 50. h5 gxh5 51. Bxf5 Kg7 52. Kd2 Nb1+ 53. Ke1 h4 54. Bh3 Nc3 55. Kd2 Nb1+ 56. Ke1 h6 57. gxh6+ Kxh6 58. Bg4 Kg7 59. Bh3 Kf6 60. Bg4 Bc4 61.
Bh3 Be6 62. Bg2 Bf5 63. Ne2 h3 64. Bh1 h2 65. Nc1 Bg6 66. Kf2 Nc3 67. Kg2 Bh5 68. Kxh2 Kf5 69. Kg3 Ne2+ 70. Kh4 Nxc1 71. Kxh5 Ne2 0-1

[Event "*** Titled Tuesday 3|2 Blitz"]
[Site "Chess.com"]
[Date "2014.12.30"]
[Round "1"]
[White "ChessWarrior7197"]
[Black "Irochka83"]
[Result "0-1"]
[WhiteElo "1984"]
[BlackElo "2321"]
[TimeControl "180+2"]
[EndTime "11:11:42 PST"]
[Termination "Irochka83 won by resignation"]

1. e4 e6 2. d4 d5 3. exd5 exd5 4. Nf3 Nf6 5. Bd3 Bd6 6. O-O O-O 7. h3 h6 8. Re1 Nc6 9. c3 Ne7 10. Qc2 Be6 11.
Nbd2 Qc8 12. Nf1 Bf5 13. Ne5 Bxd3 14. Qxd3 Nf5 15. Ng3 Nxg3 16. Qxg3 Kh8 17. Qf3 Ne4 18. Bf4 Qf5 19. Qg4 Qxg4 20. hxg4 g5 21. Bh2 Kg7 22.
f3 Nf6 23. Re2 Rfe8 24. Rae1 h5 25. gxh5 Nxh5 26. Nd3 Rxe2 27. Rxe2 Ng3 28. Re1 Rh8 29. Ne5 Nf5 30. Ng4 Bxh2+ 31. Nxh2 Rh6 32. Ng4 Re6 33.
Rxe6 fxe6 34. Ne5 Ne3 35. Nd3 b6 36. Kf2 Nc4 37. b3 Nd6 38. g4 Nb5 39. a4 Nxc3 40.
Ke1 a5 41. Kd2 Na2 42. f4 Kf6 43. Ke3 Nb4 44. Ne1 c5 45. dxc5 bxc5 46. fxg5+ Kxg5 47. Kf3 e5 48. Kg3 e4 49. Ng2 d4 50. Nf4 d3 51.
Ne6+ Kg6 52. Kf2 Nc2 53. Nxc5 e3+ 54. Kf3 d2 55. Ke2 Nd4+ 56. Kd1 Kg5 57. b4 axb4 58.
a5 Kxg4 59. a6 Nb5 60. Ne4 Kf4 61. Nxd2 Kg3 62. Ne4+ Kf3 63. Ng5+ Kf2 64. Ne4+ Kf1 65. Ng3+ Kg2 66. Nf5 Kf3 67. Nd4+ Nxd4 68. a7 e2+ 69.
Kd2 Kf2 70. a8=Q e1=Q+ 71. Kd3 Qe3+ 72. Kc4 Qc3+ 73. Kd5 Qf3+ 74. Kxd4 Qxa8 75. Kc4 Qb8 76. Kb3 Ke3 0-1

[Event "*** Titled Tuesday 3|2 Blitz"]
[Site "Chess.com"]
[Date "2014.12.30"]
[Round "1"]
[White "MikePerelshteyn"]
[Black "THORK"]
[Result "1/2-1/2"]
[WhiteElo "1759"]
[BlackElo "2208"]
[TimeControl "180+2"]
[EndTime "11:12:18 PST"]
[Termination "Game drawn by repetition"]

1. Nf3 c5 2. g3 Nc6 3. Bg2 g6 4. O-O Bg7 5. c4 Nh6 6. Nc3 Nf5 7. d3 O-O 8. Bd2 d6 9. Rb1 a5 10. Nb5 Bd7 11. Bc3 e5 12. e3 Be6 13. a3 a4 14. b3 axb3 15. Rxb3 Qd7 16. Qc2 h6 17. Rfb1 Rfb8 18. Nd2 d5 19. cxd5 Bxd5 20. Bxd5 Qxd5 21. e4 Nfd4 22. Bxd4 Nxd4 23. Nxd4 Qxd4 24. Nc4 Ra7 25.
Ne3 h5 26. Nd5 h4 27. Qc4 hxg3 28. hxg3 Ra4 29. Qxd4 Rxd4 30. Ne7+ Kh7 31. Nc6 bxc6 32. Rxb8 Rxd3 33. R8b3 Rd4 34. Rc3 Bf8 35. f3 f5 36.
exf5 gxf5 37. Rbc1 Kg6 38. Rc4 Rd3 39. R1c3 Rd2 40.
Rc2 Rd3 41. Kf2 Rxa3 42. g4 Kg5 43. gxf5 Kxf5 44. Re2 Rd3 45. Rec2 Rd5 46. R2c3 Be7 47. Rc2 Bf8 48. R2c3 Be7 49. Rc2 Ke6 50. Ke2 Rd7 51. Rd2 Ra7 52. Rdc2 Ra1 53. Rc1 Ra8 54. R1c2 Rh8 55.
Kd3 Rh3 56. Ke2 Kd5 57. Re4 Bd6 58. Rd2+ Ke6 59. Rc2 Rh2+ 60. Kd3 Rh1 61. Ke2 Ra1 62. Kd3 Ra3+ 63. Ke2 Rb3 64. Rec4 Kd5 65. Re4 Rb4 66. Rd2+ Rd4 67. Re3 c4 68. Rc2 c5 69. Rec3 Rh4 70. Rd2+ Kc6 71. Ke3 Be7 72. Ke2 Bg5 73. Rdc2 Kb5 74.
Rb2+ Kc6 75. Rbc2 Kd5 76. Kf1 Rd4 77. Ke2 Bf4 78. Kf1 Rd3 79. Ke2 Rxc3 80. Rxc3 Kd4 81. Ra3 c3 82. Ra2 c4 83. Rc2 Bd2 84. Ra2 Kc5 85.
Kd1 Kd4 86. Ke2 Bc1 87. Kd1 Bd2 88. Ke2 Bf4 89. Rc2 Bg5 90. Ra2 Bc1 91. Kd1 Bd2 92. Ke2 Bf4 93. Rc2 Bg5 94. Ra2 Bd2 95. Rc2 Kc5 96. Ra2 Kb4 97. Ra8 Kb3 98. Rb8+ Kc2 99.
Rb5 Bf4 100. Rb4 Bg3 101. Rxc4 Kb3 102. Rc6 Kc2 103. Rc8 Bf4 104. Rc6 Bg5 105. Rc8 Bf4 106. Rc6 Bd2 107. Rc8 Bf4 108. Rc6 Bg3 109. Rc8 Bf4 110. Rc6 Bg3 111. Rc8 Bf4 112. Rc6 Bd2 113. Rc8 Bf4 114. Rc6 Bg3 115. Rc8 Bf4 116. Rc6 Bg3 117. Rc8 Bf4 1/2-1/2

[Event "*** Titled Tuesday 3|2 Blitz"]
[Site "Chess.com"]
[Date "2014.12.30"]
[Round "2"]
[White "zmaj23"]
[Black "Houdinovic"]
[Result "0-1"]
[WhiteElo "2113"]
[BlackElo "2325"]
[TimeControl "180+2"]
[EndTime "11:16:21 PST"]
[Termination "Houdinovic won by resignation"]

1. e4 e6 2. d4 d5 3. Nc3 Nf6 4.
Bg5 Bb4 5. e5 h6 6. Be3 Ne4 7.
Qg4 Kf8 8. a3 Bxc3+ 9. bxc3 c5 10. Bd3 Nxc3 11. dxc5 Nc6 12. f4 Qa5 13. Bd2 Qxc5 14.
Ne2 Ne4 15. Bxe4 dxe4 16. Nc3 e3 0-1

[Event "*** Titled Tuesday 3|2 Blitz"]
[Site "Chess.com"]
[Date "2014.12.30"]
[Round "2"]
[White "SidArun"]
[Black "vinceyoung15"]
[Result "0-1"]
[WhiteElo "1820"]
[BlackElo "1975"]
[TimeControl "180+2"]
[EndTime "11:16:32 PST"]
[Termination "vinceyoung15 won by resignation"]

1. e4 c5 2. c3 d5 3. exd5 Qxd5 4. d4 cxd4 5. cxd4 e5 6. dxe5 Qxd1+ 7. Kxd1 Nc6 8. Bb5 Bd7 9. Bxc6 Bxc6 10.
f3 O-O-O+ 11. Kc2 f6 12. exf6 Nxf6 13. Nc3 Be8 14. Be3 Bg6+ 15. Kb3 Kb8 16. Nge2 Nd5 17.
Nxd5 Rxd5 18. Bf4+ Ka8 19. Rad1 Rb5+ 20. Ka4 Rb4+ 21. Ka5 Bc5 22. b3 b6+ 23. Ka6 Bf5 0-1

[Event "*** Titled Tuesday 3|2 Blitz"]
[Site "Chess.com"]
[Date "2014.12.30"]
[Round "2"]
[White "alexsuper1987"]
[Black "pKiLz5Rn9b"]
[Result "0-1"]
[WhiteElo "1979"]
[BlackElo "2156"]
[TimeControl "180+2"]
[EndTime "11:17:21 PST"]
[Termination "pKiLz5Rn9b won by resignation"]

1. e4 e6 2. d4 d5 3. Nc3 Nf6 4. Bg5 Be7 5. e5 Nfd7 6. h4 h6 7. Bxe7 Qxe7 8. Qg4 O-O 9. Rh3 c5 10. Rg3 f5 11. exf6 Nxf6 12. Qg6 cxd4 13. Nd1 Ne4 14. Rf3 Rxf3 15. Nxf3 Nc6 16. Bd3 e5 17. Bxe4 dxe4 18. Qxe4 Bd7 19. c3 Re8 20. cxd4 Qb4+ 21. Kf1 exd4 22. Qd5+ Be6 23. Qh5 Bf7 24. Qg4 Bc4+ 25. Kg1 Be2 26. Qd7 Re7 27. Qc8+ Kh7 28. Qf5+ g6 29. Qf6 Bxf3 30. Qxf3 Ne5 31. Qe2 d3 32. Qe3 Ng4 33. a3 Rxe3 34. Nxe3 Qxb2 0-1